TOP OF THE 1ST |
Maui Tropics batting - Pitching for Orlando Calrissian : LHP Arturo Sánchez
|
Pitching: LHP Arturo Sánchez
|
|
Batting: LHB Mario Olivares
|
0-0: Ball 1-0: Ball 2-0: Ground out 4-3 (Groundball, 4)
|
Batting: LHB Luis Antonio Torres
|
0-0: Ball 1-0: Fly out, F7 (Flyball, 7)
|
Batting: RHB Jesús Espinoza
|
0-0: Ball 1-0: Ball 2-0: Called Strike 2-1: Ground out 4-3 (Groundball, 4)
|
Top of the 1st over - 0 run(s), 0 hit(s), 0 error(s), 0 left on base; Maui 0 - Orlando 0 |
BOTTOM OF THE 1ST |
Orlando Calrissian batting - Pitching for Maui Tropics : RHP José Ortíz
|
Pitching: RHP José Ortíz
|
|
Batting: SHB Brian Price
|
0-0: Ball 1-0: Called Strike 1-1: Ball 2-1: Ground out 5-3 (Groundball, 5)
|
Batting: RHB Frederico Hernández
|
0-0: Ball 1-0: Swinging Strike 1-1: Ball 2-1: Foul Ball, location: 2F 2-2: Foul Ball, location: 2F 2-2: SINGLE (Groundball, 56D)
|
Batting: LHB Santiago Márquez
|
0-0: Called Strike 0-1: Called Strike 0-2: Strikes out swinging
|
Batting: RHB Raúl Canó
|
0-0: Ball 1-0: Called Strike 1-1: Ball 2-1: SINGLE (Line Drive, 4MD) Frederico Hernández to second
|
Batting: LHB Juan Colón
|
0-0: Ball 1-0: Ball 2-0: Swinging Strike 2-1: SINGLE (Groundball, 4D) Frederico Hernández to third Raúl Canó to second Runner from 3rd tries for Home, SAFE, no throw
|
Batting: RHB Rich Anderson
|
0-0: Ball 1-0: Ball 2-0: Ball 3-0: Called Strike 3-1: Base on Balls Raúl Canó to third Juan Colón to second
|
Batting: RHB Robby Lewis
|
0-0: Called Strike 0-1: Swinging Strike 0-2: Strikes out swinging
|
Bottom of the 1st over - 1 run(s), 3 hit(s), 0 error(s), 3 left on base; Maui 0 - Orlando 1 |
TOP OF THE 2ND |
Maui Tropics batting - Pitching for Orlando Calrissian : LHP Arturo Sánchez
|
Batting: RHB José Herrera
|
0-0: Ball 1-0: Ball 2-0: Ball 3-0: Called Strike 3-1: Base on Balls
|
Batting: RHB Luis Alou
|
0-0: Ball 1-0: Called Strike 1-1: SINGLE (Groundball, 4M) (infield hit) José Herrera to second
|
Batting: RHB Jeff Packard
|
0-0: Ball 1-0: Ball 2-0: Ball 3-0: Base on Balls José Herrera to third Luis Alou to second
|
Batting: RHB Ximena Campos
|
0-0: Ball 1-0: Called Strike 1-1: SINGLE (Groundball, 6MD) José Herrera scores Luis Alou to third Jeff Packard to second
|
Batting: LHB Mike Pearson
|
0-0: Called Strike 0-1: Ball 1-1: Fielders Choice at 2nd, 4-6 (Groundball, 4) Luis Alou scores Jeff Packard to third
|
Batting: RHB Matt Silver
|
0-0: Ball 1-0: Called Strike 1-1: Foul Ball, location: 2F 1-2: Foul Ball, location: 2F 1-2: Ball 2-2: Ball 3-2: Base on Balls Mike Pearson to second
|
Batting: LHB Mario Olivares
|
0-0: Fly out, F8 (Flyball, 8RD) Runner from 3rd tags up, SCORES, no throw Mike Pearson to third
|
Batting: LHB Luis Antonio Torres
|
0-0: Ball 1-0: Ball 2-0: Ball 3-0: Called Strike 3-1: Fly out, F7 (Flyball, 7S)
|
Top of the 2nd over - 3 run(s), 2 hit(s), 0 error(s), 2 left on base; Maui 3 - Orlando 1 |
BOTTOM OF THE 2ND |
Orlando Calrissian batting - Pitching for Maui Tropics : RHP José Ortíz
|
Batting: RHB Enrique Bermúdez
|
0-0: Ground out 4-3 (Groundball, 4M)
|
Batting: LHB Juan Jose Pineda
|
0-0: Called Strike 0-1: SINGLE (Groundball, 34D)
|
Batting: SHB Brian Price
|
0-0: Called Strike 0-1: Called Strike Juan Jose Pineda is caught stealing 2nd base 0-2: Ball 1-2: Strikes out swinging
|
Bottom of the 2nd over - 0 run(s), 1 hit(s), 0 error(s), 0 left on base; Maui 3 - Orlando 1 |
TOP OF THE 3RD |
Maui Tropics batting - Pitching for Orlando Calrissian : LHP Arturo Sánchez
|
Batting: RHB Jesús Espinoza
|
0-0: Ball 1-0: Fly out, F9 (Flyball, 9D)
|
Batting: RHB José Herrera
|
0-0: Foul Ball, location: 2F 0-1: Ball 1-1: Ball 2-1: Ground out 5-3 (Groundball, 5L)
|
Batting: RHB Luis Alou
|
0-0: SOLO HOME RUN (Flyball, 7D), Distance : 396 ft
|
Batting: RHB Jeff Packard
|
0-0: Ball 1-0: Called Strike 1-1: SINGLE (Groundball, 56D)
|
Batting: RHB Ximena Campos
|
0-0: Ball 1-0: Ball 2-0: Called Strike 2-1: SINGLE (Groundball, 6MD) Jeff Packard to second Runner from 2nd tries for 3rd, SAFE, throw made to third
|
Batting: LHB Mike Pearson
|
0-0: Ball 1-0: SINGLE (Groundball, 34D) Jeff Packard scores Ximena Campos to second Runner from 2nd tries for 3rd, SAFE, no throw
|
Batting: RHB Matt Silver
|
0-0: Ball Mike Pearson steals 2nd base 1-0: Called Strike 1-1: Foul Ball, location: 2F 1-2: Strikes out swinging
|
Top of the 3rd over - 2 run(s), 4 hit(s), 0 error(s), 2 left on base; Maui 5 - Orlando 1 |
BOTTOM OF THE 3RD |
Orlando Calrissian batting - Pitching for Maui Tropics : RHP José Ortíz
|
Batting: RHB Frederico Hernández
|
0-0: Ball 1-0: Called Strike 1-1: Foul Ball, location: 2F 1-2: SINGLE (Groundball, 6MD)
|
Batting: LHB Santiago Márquez
|
0-0: Called Strike 0-1: Ball 1-1: Ball 2-1: Called Strike 2-2: Ball 3-2: Base on Balls Frederico Hernández to second
|
Batting: RHB Raúl Canó
|
0-0: Swinging Strike 0-1: Ball 1-1: Ball 2-1: Called Strike 2-2: Foul Ball, location: 2F 2-2: Foul Ball, location: 2F 2-2: Ball 3-2: Base on Balls Frederico Hernández to third Santiago Márquez to second
|
Batting: LHB Juan Colón
|
0-0: SINGLE (Groundball, 56D) Frederico Hernández scores Santiago Márquez to third Raúl Canó to second
|
Batting: RHB Rich Anderson
|
0-0: Ball Wild Pitch! Santiago Márquez scores Raúl Canó to third Juan Colón to second 1-0: DOUBLE (Line Drive, 7LS) Raúl Canó scores Juan Colón scores
|
Batting: RHB Robby Lewis
|
0-0: Fly out, F3 (Popup, 34)
|
Batting: RHB Enrique Bermúdez
|
0-0: Ball 1-0: SINGLE (Line Drive, 9S) Rich Anderson to third Runner from 3rd tries for Home, SAFE, throw made home Enrique Bermúdez to second
|
Pitching: RHP César Rúbio
|
|
Batting: LHB Juan Jose Pineda
|
0-0: Called Strike 0-1: Fly out, F9 (Flyball, 9)
|
Batting: SHB Brian Price
|
0-0: Called Strike 0-1: Ball 1-1: Swinging Strike 1-2: Strikes out looking
|
Bottom of the 3rd over - 5 run(s), 4 hit(s), 0 error(s), 1 left on base; Maui 5 - Orlando 6 |
TOP OF THE 4TH |
Maui Tropics batting - Pitching for Orlando Calrissian : LHP Arturo Sánchez
|
Batting: LHB Mario Olivares
|
0-0: Swinging Strike 0-1: Ball 1-1: Fly out, F7 (Flyball, 7)
|
Batting: LHB Luis Antonio Torres
|
0-0: DOUBLE (Flyball, 9LM)
|
Batting: RHB Jesús Espinoza
|
0-0: Ball 1-0: Called Strike 1-1: Called Strike 1-2: Strikes out looking
|
Batting: RHB José Herrera
|
0-0: Ball 1-0: 2-RUN HOME RUN (Flyball, 8LXD), Distance : 438 ft
|
Pitching: LHP Pepe Caro
|
|
Batting: RHB Luis Alou
|
0-0: Called Strike 0-1: Called Strike 0-2: Strikes out swinging
|
Top of the 4th over - 2 run(s), 2 hit(s), 0 error(s), 0 left on base; Maui 7 - Orlando 6 |
BOTTOM OF THE 4TH |
Orlando Calrissian batting - Pitching for Maui Tropics : RHP César Rúbio
|
Batting: RHB Frederico Hernández
|
0-0: SINGLE (Groundball, 6MD)
|
Batting: LHB Santiago Márquez
|
0-0: Foul Ball, location: 2F 0-1: Called Strike 0-2: Foul Ball, location: 2F 0-2: Ball 1-2: Ball 2-2: Ball 3-2: SINGLE (Line Drive, 89M) Frederico Hernández to second
|
Batting: RHB Raúl Canó
|
0-0: Ball 1-0: Called Strike 1-1: Called Strike 1-2: Ball 2-2: Strikes out swinging
|
Batting: LHB Juan Colón
|
0-0: Swinging Strike 0-1: Ball 1-1: Called Strike 1-2: 3-RUN HOME RUN (Flyball, 7LD), Distance : 343 ft
|
Pitching: RHP Yong-taek Yi
|
|
Batting: RHB Rich Anderson
|
0-0: Fly out, F8 (Flyball, 8RS)
|
Batting: RHB Robby Lewis
|
0-0: Ground out 6-3 (Groundball, 6S)
|
Bottom of the 4th over - 3 run(s), 3 hit(s), 0 error(s), 0 left on base; Maui 7 - Orlando 9 |
TOP OF THE 5TH |
Maui Tropics batting - Pitching for Orlando Calrissian : LHP Pepe Caro
|
Batting: RHB Jeff Packard
|
0-0: Fly out, F9 (Flyball, 9S)
|
Batting: RHB Ximena Campos
|
0-0: Ball 1-0: Ball 2-0: Ball 3-0: Called Strike 3-1: Fly out, F4 (Popup, 4D)
|
Batting: LHB Mike Pearson
|
0-0: Called Strike 0-1: Ball 1-1: Fly out, F3 (Popup, 3L)
|
Top of the 5th over - 0 run(s), 0 hit(s), 0 error(s), 0 left on base; Maui 7 - Orlando 9 |
BOTTOM OF THE 5TH |
Orlando Calrissian batting - Pitching for Maui Tropics : RHP Yong-taek Yi
|
Batting: RHB Enrique Bermúdez
|
0-0: Ground out 4-3 (Groundball, 4)
|
Batting: LHB Juan Jose Pineda
|
0-0: SINGLE (Groundball, 34D)
|
Pinch Hitting: RHB Albert Chávez
|
0-0: Called Strike 0-1: Ball Juan Jose Pineda is caught stealing 2nd base 1-1: Fly out, F9 (Flyball, 89M)
|
Bottom of the 5th over - 0 run(s), 1 hit(s), 0 error(s), 0 left on base; Maui 7 - Orlando 9 |
TOP OF THE 6TH |
Maui Tropics batting - Pitching for Orlando Calrissian : LHP Pepe Caro
|
Now at SS: Albert Chávez
|
|
Batting: RHB Matt Silver
|
0-0: Foul Ball, location: 2F 0-1: Ball 1-1: Ball 2-1: Swinging Strike 2-2: Ball 3-2: Fly out, F5 (Popup, 56)
|
Pinch Hitting: RHB Tim Hanson
|
0-0: Ball 1-0: Ball 2-0: Ball 3-0: Base on Balls
|
Pinch Hitting: RHB José Rodríguez
|
0-0: Called Strike 0-1: SINGLE (Line Drive, 6D) Tim Hanson to second
|
Pinch Hitting: LHB Mark Everett
|
0-0: Ball 1-0: Foul Ball, location: 2F 1-1: Ball 2-1: Swinging Strike 2-2: Foul Ball, location: 2F 2-2: Fly out, F8 (Flyball, 78M)
|
Batting: LHB Anacleto Morillo
|
0-0: Ball 1-0: Called Strike 1-1: Foul Ball, location: 2F 1-2: Ball 2-2: Strikes out swinging
|
Top of the 6th over - 0 run(s), 1 hit(s), 0 error(s), 2 left on base; Maui 7 - Orlando 9 |
BOTTOM OF THE 6TH |
Orlando Calrissian batting - Pitching for Maui Tropics : RHP Yong-taek Yi
|
Now at 1B: Mark Everett
|
|
Now at 3B: Javier Espinoza
|
|
Now in CF: José Rodríguez
|
|
Batting: RHB Frederico Hernández
|
0-0: Ball 1-0: Foul Ball, location: 2F 1-1: Ball 2-1: Ground out 1-3 (Groundball, P)
|
Pinch Hitting: SHB Tim Abbott
|
0-0: Swinging Strike 0-1: Ball 1-1: Foul Ball, location: 2F 1-2: Foul Ball, location: 2F 1-2: Ball 2-2: Strikes out looking
|
Batting: RHB Raúl Canó
|
0-0: Ball 1-0: Ball 2-0: Called Strike 2-1: Called Strike 2-2: Ground out U3 (Groundball, 34S)
|
Bottom of the 6th over - 0 run(s), 0 hit(s), 0 error(s), 0 left on base; Maui 7 - Orlando 9 |
TOP OF THE 7TH |
Maui Tropics batting - Pitching for Orlando Calrissian : LHP Pepe Caro
|
Now at 1B: Tim Abbott
|
|
Pinch Hitting: SHB Tom Stevens
|
0-0: Called Strike 0-1: Ball 1-1: Ground out 6-3 (Groundball, 6)
|
Pinch Hitting: LHB Dave Cook
|
0-0: Called Strike 0-1: Ground out 4-3 (Groundball, 34D)
|
Pitching: RHP Dave Heath
|
|
Batting: RHB Ximena Campos
|
0-0: Called Strike 0-1: Swinging Strike 0-2: Foul Ball, location: 2F 0-2: Strikes out swinging
|
Top of the 7th over - 0 run(s), 0 hit(s), 0 error(s), 0 left on base; Maui 7 - Orlando 9 |
BOTTOM OF THE 7TH |
Orlando Calrissian batting - Pitching for Maui Tropics : RHP Yong-taek Yi
|
Now in CF: Tom Stevens
|
|
Now in RF: Richard Bankhead
|
|
Batting: LHB Juan Colón
|
0-0: Ball 1-0: Ball 2-0: SINGLE (Line Drive, 6MD)
|
Pitching: RHP Luis De Los Ángeles
|
|
Batting: RHB Rich Anderson
|
0-0: Ball 1-0: Sac Bunt - play at first, batter OUT! 1-4 Juan Colón to second
|
Batting: RHB Robby Lewis
|
0-0: Ball 1-0: Ball 2-0: Called Strike 2-1: Foul Ball, location: 2F 2-2: Ground out 6-3 (Groundball, 6) Juan Colón to third
|
Batting: RHB Enrique Bermúdez
|
0-0: Called Strike 0-1: Ball 1-1: Foul Ball, location: 2F 1-2: Ball 2-2: Foul Ball, location: 2F 2-2: Fly out, F7 (Flyball, 7S)
|
Bottom of the 7th over - 0 run(s), 1 hit(s), 0 error(s), 1 left on base; Maui 7 - Orlando 9 |
TOP OF THE 8TH |
Maui Tropics batting - Pitching for Orlando Calrissian : RHP Dave Heath
|
Batting: LHB Mike Pearson
|
0-0: Called Strike 0-1: Swinging Strike 0-2: Ball 1-2: Foul Ball, location: 2F 1-2: Ball 2-2: Foul Ball, location: 2F 2-2: Ball 3-2: Ground out 6-3 (Groundball, 6)
|
Batting: RHB Matt Silver
|
0-0: Swinging Strike 0-1: Ball 1-1: Ball 2-1: Foul Ball, location: 2F 2-2: SINGLE (Line Drive, 7LS)
|
Batting: LHB Javier Espinoza
|
0-0: SINGLE (Line Drive, 7S) Matt Silver to second
|
Pinch Hitting: RHB Michael Woodruff
|
0-0: Called Strike 0-1: Ball 1-1: SINGLE (Groundball, 6MD) Matt Silver to third Javier Espinoza to second Runner from 3rd tries for Home, throw and OUT!
|
Batting: LHB Mark Everett
|
0-0: Foul Ball, location: 2F 0-1: Ball 1-1: SINGLE (Line Drive, 5D) Javier Espinoza to third Michael Woodruff to second Runner from 3rd tries for Home, SAFE, no throw
|
Batting: LHB Anacleto Morillo
|
0-0: Ball 1-0: Called Strike 1-1: Ball 2-1: Ball 3-1: Swinging Strike 3-2: Foul Ball, location: 2F 3-2: Ground out 4-3 (Groundball, 4)
|
Top of the 8th over - 1 run(s), 4 hit(s), 0 error(s), 2 left on base; Maui 8 - Orlando 9 |
BOTTOM OF THE 8TH |
Orlando Calrissian batting - Pitching for Maui Tropics : RHP Luis De Los Ángeles
|
Now in CF: Don Hull
|
|
Batting: LHB Juan Jose Pineda
|
0-0: Called Strike 0-1: Fly out, F5 (Popup, 5L)
|
Batting: RHB Albert Chávez
|
0-0: Called Strike 0-1: Ball 1-1: Ball 2-1: Foul Ball, location: 2F 2-2: Foul Ball, location: 2F 2-2: Foul Ball, location: 2F 2-2: Strikes out swinging
|
Batting: RHB Frederico Hernández
|
0-0: Called Strike 0-1: Ball 1-1: Ball 2-1: Ball 3-1: Base on Balls
|
Batting: SHB Tim Abbott
|
0-0: Foul Ball, location: 2F 0-1: Ball 1-1: Fly out, F9 (Flyball, 9S)
|
Bottom of the 8th over - 0 run(s), 0 hit(s), 0 error(s), 1 left on base; Maui 8 - Orlando 9 |
TOP OF THE 9TH |
Maui Tropics batting - Pitching for Orlando Calrissian : RHP Dave Heath
|
Pitching: LHP Clarence Skerratt
|
|
Batting: SHB Tom Stevens
|
0-0: Ball 1-0: Foul Ball, location: 2F 1-1: Ball 2-1: Ball 3-1: SINGLE (Line Drive, 6D)
|
Batting: RHB Richard Bankhead
|
0-0: Sac Bunt - play at first, batter OUT! 3-4 Tom Stevens to second
|
Batting: RHB Ximena Campos
|
0-0: Ball 1-0: Ball 2-0: Called Strike 2-1: Called Strike 2-2: Ball 3-2: Foul Ball, location: 2F 3-2: Foul Ball, location: 2F 3-2: Base on Balls
|
Batting: LHB Mike Pearson
|
0-0: Called Strike 0-1: Ball 1-1: Ball 2-1: Foul Ball, location: 2F 2-2: Foul Ball, location: 2F 2-2: Fly out, F8 (Flyball, 8LM)
|
Batting: RHB Matt Silver
|
0-0: Ground out 6-3 (Groundball, 6MS)
|
Top of the 9th over - 0 run(s), 1 hit(s), 0 error(s), 2 left on base; Maui 8 - Orlando 9 |
|